[Event "Late-Titled-Tuesday-Blitz-July-09-2024"]
[Site "Chess.com"]
[Date "2024.07.09"]
[Round "5"]
[White "LoonsDeKoeben"]
[Black "vladjianu"]
[Result "0-1"]
[WhiteElo "2434"]
[BlackElo "2640"]
[TimeControl "180+1"]
[EndTime "14:54:55 PDT"]
[Termination "vladjianu won by resignation"]

1. e4 c6 2. Nc3 d5 3. Nf3 Bg4 4. h3 Bxf3 5. Qxf3 e6 6. Be2 Bc5 7. d3 Nd7 8. Bd2 Ne7 9. Qg3 Bd4 10. O-O O-O 11. Kh1 Ng6 12. f4 f5 13. e5 Qh4 14.
Qf3 a5 15. a4 Qe7 16. Nd1 Bb6 17. c3 c5 18. g3 Bc7 19. d4 Bb6 20. Qf2 Nb8 21.
Be3 cxd4 22. Bxd4 Bxd4 23. Qxd4 Rc8 24. Bb5 Nc6 25. Bxc6 bxc6 26. b4 c5 27. bxc5 Qxc5 28. Qxc5 Rxc5 29. Rf2 Rb8 30. Kg2 Nf8 31. Kf3 Nd7 32.
Ke3 Kf7 33. Kd3 Rc4 34. Rb2 Nc5+ 35. Kc2 Rxb2+ 36. Nxb2 Re4 37. Rd1 Re3 38. Rg1 h5 39. Nd1 Re2+ 40. Kb1 Nxa4 41. c4 dxc4 42. Rf1 c3 43.
Kc1 Ra2 44. Rf3 Ra1+ 45. Kc2 Ra2+ 46. Kc1 Ra3 47. Kc2 Ke7 48. Nxc3 Nxc3 49. Rxc3 Rxc3+ 50. Kxc3 Kd7 51. Kd3 Kc6 52. Kc4 g6 53. h4 a4 54.
Kb4 Kd5 55. Kxa4 Ke4 56. Kb5 Kf3 57. Kc5 Kxg3 58. Kd6 Kxh4 59. Kxe6 Kg4 60. Kf6 h4 61. e6 h3 62. e7 h2 63. e8=Q h1=Q 64. Kxg6 Qh5+ 0-1

[Event "Late-Titled-Tuesday-Blitz-July-09-2024"]
[Site "Chess.com"]
[Date "2024.07.09"]
[Round "5"]
[White "Payyappat"]
[Black "Bilan_Danila"]
[Result "0-1"]
[WhiteElo "2414"]
[BlackElo "2593"]
[TimeControl "180+1"]
[EndTime "14:54:56 PDT"]
[Termination "Bilan_Danila won by checkmate"]

1. e4 c6 2. d4 d5 3. Nc3 b5 4. exd5 b4 5. Ne4 cxd5 6. Nc5 Nf6 7. Nf3 e6 8. Bb5+ Bd7 9. Nxd7 Nbxd7 10. Bf4 Qa5 11.
Qe2 a6 12. Bc6 Rc8 13. Bb7 Rc4 14. b3 Rc3 15. Bxa6 Be7 16. Bd3 O-O 17. O-O Rfc8 18.
Ne5 Nxe5 19. Bxe5 Nd7 20. Qh5 g6 21. Qh6 Nxe5 22. dxe5 Bc5 23. h4 Qd8 24. Rae1 Be7 25. g3 Bf8 26. Qf4 Be7 27. h5 Qf8 28. Kg2 Qg7 29. Rh1 g5 30. Qg4 h6 31. Re2 R3c7 32. Rg1 Rc3 33. Kh2 Bc5 34. Rg2 Kf8 35. Qh3 g4 36.
Qh4 Be7 37. f4 Bxh4 38. gxh4 Rxd3 39. cxd3 Rc3 40. Rc2 g3+ 41. Rxg3 Rxc2+ 42. Kh3 Qxg3+ 43. Kxg3 Rxa2 44. f5 Rb2 45. Kf4 Rxb3 46. f6 Rxd3 47. Kg4 b3 48. Kf4 b2 49. Kg4 b1=Q 50. Kf4 Qb4# 0-1

[Event "Late-Titled-Tuesday-Blitz-July-09-2024"]
[Site "Chess.com"]
[Date "2024.07.09"]
[Round "5"]
[White "Maluco_do_Natal_00"]
[Black "TheAlienParty"]
[Result "0-1"]
[WhiteElo "1997"]
[BlackElo "2329"]
[TimeControl "180+1"]
[EndTime "14:54:58 PDT"]
[Termination "TheAlienParty won on time"]

1. e4 e5 2. Nf3 Nc6 3. Bb5 a6 4. Ba4 d6 5. d4 b5 6. Bb3 exd4 7. a4 Rb8 8. axb5 axb5 9. Nxd4 Nxd4 10. Qxd4 c5 11. Ra7 Bd7 12. Qd1 c4 13. Ba2 Nf6 14. O-O Be7 15. Bf4 Bg4 16. Qd4 O-O 17. b3 Ra8 18. bxc4 Rxa7 19. Qxa7 Be2 20. Re1 Bxc4 21.
Bxc4 bxc4 22. Nc3 Ng4 23. Nd5 Bg5 24. Bg3 Qb8 25. Qd4 Re8 26. h3 Nf6 27. f4 Nxd5 28.
fxg5 Nb4 29. Qxd6 Qxd6 30. Bxd6 Nxc2 31. Rc1 Ne3 32. e5 Rc8 33. Rc3 Nd5 34. Rc2 c3 35.
Kf2 h6 36. gxh6 gxh6 37. g3 Kg7 38. h4 Kg6 39. Ke2 f6 40. Kd3 fxe5 41. Bxe5 Nb4+ 0-1

[Event "Late-Titled-Tuesday-Blitz-July-09-2024"]
[Site "Chess.com"]
[Date "2024.07.09"]
[Round "5"]
[White "legendisback1"]
[Black "XDPS"]
[Result "1-0"]
[WhiteElo "3042"]
[BlackElo "2888"]
[TimeControl "180+1"]
[EndTime "14:54:59 PDT"]
[Termination "legendisback1 won by resignation"]

1. e4 c5 2. Nc3 e6 3. g3 a6 4.
Bg2 Nc6 5. Nge2 d6 6. O-O Nf6 7. d4 cxd4 8. Nxd4 Qc7 9. Be3 Be7 10. a4 Na5 11. Nde2 O-O 12. b3 Rb8 13. Ba7 Ra8 14. Be3 Rb8 15. h3 Bd7 16. f4 Rfc8 17. Qd2 Nc6 18.
g4 b5 19. axb5 axb5 20. g5 Ne8 21. f5 Ne5 22. Ra7 Qc6 23. Bd4 b4 24. Bxe5 dxe5 25. Rxd7 bxc3 26. Qd3 Bxg5 27. fxe6 fxe6 28. Rff7 Bh6 29.
Ng3 Nf6 30. Rde7 Rf8 31. Rxf8+ Rxf8 32. Kh2 Bf4 33. Kh1 Qc5 34. Rxe6 Qf2 35. Nf1 Nh5 36. Qc4 Kh8 37. Qxc3 Ng3+ 38. Nxg3 Bxg3 39. Rc6 Qe2 40.
Qxg3 1-0

[Event "Late-Titled-Tuesday-Blitz-July-09-2024"]
[Site "Chess.com"]
[Date "2024.07.09"]
[Round "5"]
[White "ninjatrick"]
[Black "RebecaJimnz"]
[Result "1-0"]
[WhiteElo "2488"]
[BlackElo "2290"]
[TimeControl "180+1"]
[EndTime "14:54:59 PDT"]
[Termination "ninjatrick won on time"]

1. Nf3 d5 2. e3 Nf6 3. c4 c6 4. d4 e6 5. Nc3 Nbd7 6. Bd3 dxc4 7. Bxc4 b5 8. Bd3 a6 9. O-O c5 10. b3 Bb7 11. Bb2 Be7 12. Rc1 O-O 13. Bb1 Bxf3 14. Qxf3 cxd4 15. exd4 Nb6 16. Rfd1 Nbd5 17. Ne4 Nxe4 18.
Bxe4 Qd7 19. h3 Rac8 20. Qd3 g6 21. a4 Bg5 22. Rxc8 Rxc8 23. axb5 axb5 24. g3 Nb4 25. Qe2 Bf6 26. Ba3 Nd5 27. Bb2 Nc3 28. Bxc3 Rxc3 29.
d5 Rxb3 30. Qc2 Rb2 31. dxe6 Qxe6 32. Qd3 Kg7 33. h4 Qb6 34. Qf3 Bd4 35. Rf1 b4 36. h5 b3 37. Qf4 Rd2 38. Qxd2 1-0

[Event "Late-Titled-Tuesday-Blitz-July-09-2024"]
[Site "Chess.com"]
[Date "2024.07.09"]
[Round "5"]
[White "AlphaPerseii"]
[Black "JEHUBNER"]
[Result "1/2-1/2"]
[WhiteElo "2375"]
[BlackElo "2012"]
[TimeControl "180+1"]
[EndTime "14:54:59 PDT"]
[Termination "Game drawn by repetition"]

1. Nf3 Nf6 2. c4 c5 3. g3 Nc6 4.
Bg2 e6 5. d4 cxd4 6. Nxd4 d5 7.
O-O Be7 8. Nc3 O-O 9. cxd5 exd5 10. Bf4 Bc5 11. Ndb5 d4 12. Na4 Bb6 13. Nxb6 axb6 14.
Bc7 Qd7 15. Bxb6 Nb4 16. Na3 Nc6 17. Rc1 Qe6 18. Qd2 Qxa2 19. Rfd1 Be6 20. Bc5 Rfd8 21. Bxc6 bxc6 22. Be7 Rdb8 23. Bxf6 gxf6 24. Qxd4 Qxb2 25. Nc4 Qxd4 26. Rxd4 Rb4 27. e3 Raa4 28. Nb6 Rxd4 29. exd4 Rxd4 30. Rxc6 Bh3 31. f4 Rd2 32. Rxf6 Rg2+ 33.
Kf1 Rxh2+ 34. Ke1 Rg2 35. Nd7 Bxd7 36. Kf1 Ra2 37. Rd6 Be6 38. Kg1 Kg7 39. Rc6 Bd5 40. Rd6 Be6 41. Rb6 Bh3 42. Rd6 Rg2+ 43. Kh1 Ra2 44. Kg1 Be6 1/2-1/2

[Event "Late-Titled-Tuesday-Blitz-July-09-2024"]
[Site "Chess.com"]
[Date "2024.07.09"]
[Round "5"]
[White "DanielNaroditsky"]
[Black "Bykov_Egor"]
[Result "1-0"]
[WhiteElo "3089"]
[BlackElo "2691"]
[TimeControl "180+1"]
[EndTime "14:55:02 PDT"]
[Termination "DanielNaroditsky won on time"]

1. d4 Nf6 2. Nc3 d5 3. Bf4 a6 4.
e3 c5 5. dxc5 Nc6 6. Nf3 e6 7.
Bd3 Bxc5 8. O-O O-O 9. e4 dxe4 10. Nxe4 Be7 11. Nxf6+ Bxf6 12. Qe2 Nd4 13. Nxd4 Qxd4 14. Bg3 Qxb2 15. Rad1 Re8 16. h4 Qb4 17. h5 e5 18.
Be4 Be6 19. Rb1 Qc4 20. Bd3 Qc6 21. Rfe1 Rac8 22. h6 b5 23. hxg7 Bc4 24. Qg4 Bxd3 25. cxd3 Qe6 26. Qf3 Bxg7 27. Rb4 f5 28. a4 e4 29.
dxe4 Bc3 30. Rd1 Bxb4 31. exf5 Qf7 32. Qg4+ Kh8 33. Qxb4 Qxf5 34. axb5 axb5 35. Ra1 Rc4 36. Qd6 Rce4 37. f3 R4e6 38. Qb4 Qg6 39. Bf2 Kg8 40. Qxb5 Re2 41. Ra7 R2e7 42. Ra6 Qf7 43. Ra4 Re6 44. Ra7 Qf6 45. Qc4 Qg6 46. Bd4 Kf8 47. Qb4+ Kg8 48. Rg7+ Qxg7 49. Bxg7 Kxg7 50. Qb7+ R8e7 51. Qd5 Re1+ 52.
Kh2 R1e5 53. Qd4 Kf7 54. Qh4 Kg8 55. f4 Re2 56. Qg4+ Kf8 57. Qh5 1-0

[Event "Late-Titled-Tuesday-Blitz-July-09-2024"]
[Site "Chess.com"]
[Date "2024.07.09"]
[Round "5"]
[White "JoJoZP"]
[Black "Individoom"]
[Result "1/2-1/2"]
[WhiteElo "2536"]
[BlackElo "2752"]
[TimeControl "180+1"]
[EndTime "14:55:02 PDT"]
[Termination "Game drawn by repetition"]

1. Nf3 Nf6 2. c4 g6 3. d4 Bg7 4. g3 O-O 5. Bg2 d6 6. Nc3 Nbd7 7. O-O e5 8. e4 exd4 9. Nxd4 Re8 10. h3 Nc5 11.
Re1 Bd7 12. Bf4 h6 13. Kh2 Nh7 14. Qd2 h5 15. Rad1 a5 16. b3 Bxd4 17. Qxd4 Ne6 18. Qd2 Nxf4 19. Qxf4 Qf6 20. Nd5 Qxf4 21. gxf4 Rac8 22.
e5 dxe5 23. fxe5 Bc6 24. f4 Kg7 25. a3 Nf8 26. Nf6 Red8 27. Bxc6 bxc6 28. Kg3 Rb8 29.
Rxd8 Rxd8 30. Re3 Ne6 31. Kf3 Rd2 32. Rc3 Rh2 33. Kg3 Ra2 34. b4 a4 35. b5 Nd4 36.
Rd3 Nf5+ 37. Kf3 cxb5 38. cxb5 Rb2 39. Rd8 Rb3+ 40. Kf2 Nh6 41. Rc8 Rxa3 42. Ne8+ Kh7 43. Nf6+ Kg7 44. Ne8+ Kf8 45. Nf6+ Kg7 1/2-1/2

[Event "Late-Titled-Tuesday-Blitz-July-09-2024"]
[Site "Chess.com"]
[Date "2024.07.09"]
[Round "5"]
[White "tjallkompall"]
[Black "Kowarenai"]
[Result "0-1"]
[WhiteElo "2772"]
[BlackElo "2565"]
[TimeControl "180+1"]
[EndTime "14:55:03 PDT"]
[Termination "Kowarenai won on time"]

1. e4 d5 2. exd5 Qxd5 3. Nc3 Qa5 4. Nf3 c6 5. d4 Bf5 6. Ne5 Nd7 7. Nc4 Qd8 8. Bf4 e6 9. Bd3 Bxd3 10. Qxd3 Nb6 11. O-O-O Nxc4 12. Qxc4 Bd6 13. Bxd6 Qxd6 14. d5 exd5 15.
Nxd5 cxd5 16. Rxd5 Qh6+ 17. Kb1 Ne7 18. Re1 O-O 19. Rxe7 Qxh2 20. a4 Rac8 21. Qb3 Qxg2 22. Rdd7 Qxf2 23. Rxb7 h5 24. Rb5 h4 25. Rh5 h3 26. Rxh3 Rxc2 27. Ka2 Rcc8 28. Qd3 g6 29.
Re2 Qf6 30. Reh2 Qe6+ 31. Kb1 Kg7 32. Qd4+ f6 33. Rh7+ Kg8 34. Rh8+ Kf7 35. R2h7+ Ke8 36. Rxf8+ Kxf8 37. Rh8+ Kg7 38. Rxc8 Qxc8 39. Qxa7+ Kh6 40. Qe3+ g5 41. a5 Qf5+ 0-1

[Event "Late-Titled-Tuesday-Blitz-July-09-2024"]
[Site "Chess.com"]
[Date "2024.07.09"]
[Round "5"]
[White "santig8"]
[Black "realburq"]
[Result "0-1"]
[WhiteElo "2277"]
[BlackElo "2430"]
[TimeControl "180+1"]
[EndTime "14:55:04 PDT"]
[Termination "realburq won on time"]

1. e4 c5 2. d4 cxd4 3. c3 g6 4. cxd4 Bg7 5. Nc3 d6 6. Nf3 Bg4 7. Bc4 e6 8. Qa4+ Nd7 9. Ng5 h6 10. Nxf7 Kxf7 11. h3 Nb6 12. Qb3 Nxc4 13. Qxc4 Rc8 14.
Qf1 Bh5 15. g4 Bxg4 16. hxg4 Bxd4 17. Qd3 Qb6 18. O-O Bxc3 19. bxc3 Nf6 20. Be3 Qc6 21. f3 b6 22. Bd4 e5 23. Be3 g5 24. Rfe1 Rhd8 25. Rac1 Qc4 26. Qd2 Rc6 27. Qh2 Rh8 28.
Red1 Kg6 29. Qg3 a5 30. Qf2 b5 31. a3 Rhc8 32. Qd2 Qb3 33. Qd3 Qxa3 34. Qd2 Qb3 35. Qd3 Qc4 36. Qd2 a4 37. Rb1 a3 38.
Ra1 Ra6 39. Qf2 Qxc3 40. Rdc1 Qb2 41. Rxc8 Qxa1+ 42. Kh2 Qb2 43. Qxb2 axb2 0-1

[Event "Late-Titled-Tuesday-Blitz-July-09-2024"]
[Site "Chess.com"]
[Date "2024.07.09"]
[Round "5"]
[White "MaxLeto"]
[Black "TC2304"]
[Result "0-1"]
[WhiteElo "2477"]
[BlackElo "2360"]
[TimeControl "180+1"]
[EndTime "14:55:05 PDT"]
[Termination "TC2304 won by checkmate"]

1. e4 e6 2. d4 d5 3. Nc3 dxe4 4.
Nxe4 Bd7 5. Bd3 Bc6 6. Nf3 Nd7 7. Qe2 Ngf6 8. Neg5 Bd6 9. Nxf7 Kxf7 10. Ng5+ Ke8 11. Nxe6 Qe7 12. O-O Bd5 13. Nxg7+ Kf7 14. Qxe7+ Bxe7 15. Nf5 Nf8 16. Re1 Be6 17. Nh6+ Ke8 18. c4 Ng4 19. d5 Nxh6 20. Bxh6 Rd8 21. Bc2 Bf7 22. Bg5 Rd7 23. Bf5 Ng6 24. Bxd7+ Kxd7 25. Bxe7 Nxe7 26. Rad1 b6 27. b4 Rg8 28. f3 h5 29. Kf2 h4 30.
Re4 h3 31. g3 Bg6 32. Rh4 Rf8 33. Rxh3 Be4 34. f4 Bf5 35. Rh6 a5 36. a3 axb4 37.
axb4 Ra8 38. Re1 Ra2+ 39. Re2 Ra3 40. Rf6 Bg4 41. Re3 Ra2+ 42. Kg1 Nf5 43. Re5 Nd4 44. Rf7+ Kc8 45. Rf8+ Kb7 46. Rg8 Nf3+ 47. Kf1 Bh3# 0-1

[Event "Late-Titled-Tuesday-Blitz-July-09-2024"]
[Site "Chess.com"]
[Date "2024.07.09"]
[Round "5"]
[White "praveenb2002"]
[Black "dropstoneDP"]
[Result "1/2-1/2"]
[WhiteElo "2847"]
[BlackElo "3029"]
[TimeControl "180+1"]
[EndTime "14:55:06 PDT"]
[Termination "Game drawn by repetition"]

1. Nf3 d5 2. e3 Nf6 3. c4 e6 4. b3 dxc4 5. bxc4 c5 6. Nc3 b6 7.
g3 Bb7 8. Bg2 Be7 9. d3 O-O 10.
O-O Nc6 11. Qe2 Rc8 12. Bb2 Qc7 13. Rfd1 Rfd8 14. Ne1 Na5 15. f4 Bxg2 16. Nxg2 a6 17. g4 b5 18. g5 Ne8 19. cxb5 axb5 20. Nxb5 Qb7 21. a4 c4 22. dxc4 Rxd1+ 23. Rxd1 Nxc4 24. Bd4 Qa6 25. Ra1 Ncd6 26. e4 Qb7 27. Re1 Ra8 28. Nc3 Qb4 29. Qf2 Rc8 30. Rb1 Nxe4 31. Rxb4 Nxf2 32. Rb7 Nh3+ 33. Kf1 Bc5 34. Bxc5 Rxc5 35.
Nb5 Kf8 36. Rb8 Ke7 37. Rb7+ Kf8 38. a5 Rc2 39. Ne3 Rc1+ 40. Ke2 Nxf4+ 41. Kd2 Ra1 42. Nc4 Nd5 43. Rb8 Ke7 44. Rb7+ Kf8 45. Rb8 Ra2+ 46.
Kc1 Ke7 47. Rb7+ Kf8 48. Rb8 Ke7 49. Rb7+ Kf8 50. Rb8 1/2-1/2

[Event "Late-Titled-Tuesday-Blitz-July-09-2024"]
[Site "Chess.com"]
[Date "2024.07.09"]
[Round "5"]
[White "Itay121"]
[Black "carokannlover213"]
[Result "0-1"]
[WhiteElo "2521"]
[BlackElo "2713"]
[TimeControl "180+1"]
[EndTime "14:55:07 PDT"]
[Termination "carokannlover213 won by resignation"]

1. e4 e6 2. d4 d5 3. Nd2 c5 4. Ngf3 cxd4 5. exd5 Qxd5 6. Bc4 Qd7 7. O-O Nf6 8. Nb3 a6 9. Nbxd4 Bd6 10. Bg5 O-O 11. Re1 Qc7 12. Bd3 Nd5 13. c3 b5 14.
Qe2 h6 15. Bd2 Bb7 16. Qe4 Nf6 17. Qh4 Nbd7 18. Bxh6 gxh6 19. Qxh6 Rfe8 20. Ng5 Ne5 21. Bh7+ Nxh7 22. Qxh7+ Kf8 23. Qh6+ Ke7 24. Ndxe6 fxe6 25. Rxe5 Bxe5 26. Qxe6+ Kf8 27. Qf5+ Kg8 28. Qg6+ Qg7 29. Qh5 Bf6 30. h4 Re5 31. Rd1 Rxg5 32. hxg5 Qxg5 33.
Qh3 Rd8 34. Qe6+ Kf8 35. Rxd8+ Bxd8 36. Qd6+ Qe7 37. Qf4+ Ke8 38. Qf5 Bc6 39. Qg6+ Kd7 40. Qf5+ Qe6 41. Qh7+ Kc8 42. Qd3 Qd5 43. Qg3 Bc7 44. f3 Bxg3 0-1

[Event "Late-Titled-Tuesday-Blitz-July-09-2024"]
[Site "Chess.com"]
[Date "2024.07.09"]
[Round "5"]
[White "kkpanu9"]
[Black "AlexZambrano"]
[Result "0-1"]
[WhiteElo "2059"]
[BlackElo "2341"]
[TimeControl "180+1"]
[EndTime "14:55:07 PDT"]
[Termination "AlexZambrano won on time"]

1. e4 d5 2. exd5 Nf6 3. d4 Bg4 4. Be2 Bxe2 5. Qxe2 Qxd5 6. Nf3 Nc6 7. c4 Qf5 8. Nc3 O-O-O 9. Be3 e6 10. h3 g5 11. b4 Bxb4 12. Qb2 Ne4 13. Rc1 Qa5 14. Bd2 Nxd2 15. Qxd2 Nxd4 16. Nxd4 e5 17. a3 Bxc3 18. Qxc3 Qxc3+ 19. Rxc3 exd4 20. Rf3 Rd7 21. h4 g4 22. Rf4 h5 23. Kd2 Re8 24. Rf5 d3 25. Re1 Rxe1 26.
Kxe1 Rd4 27. Rxh5 Rxc4 28. Kd2 Rd4 29. Rg5 b6 30. h5 Rd6 31. Rxg4 c5 32. Rf4 Rh6 33.
g4 f6 34. Rf5 Kd7 35. Kxd3 Ke6 36. Kc4 Rh7 37. a4 Rg7 38. f3 Rd7 39. a5 Rd4+ 40.
Kb5 Rb4+ 41. Kc6 c4 42. h6 c3 43. h7 c2 44. Rxf6+ Ke7 0-1

[Event "Late-Titled-Tuesday-Blitz-July-09-2024"]
[Site "Chess.com"]
[Date "2024.07.09"]
[Round "5"]
[White "mac0504"]
[Black "i_like_explosions"]
[Result "1-0"]
[WhiteElo "2769"]
[BlackElo "2540"]
[TimeControl "180+1"]
[EndTime "14:55:08 PDT"]
[Termination "mac0504 won by resignation"]

1. c4 Nf6 2. Nc3 g6 3. e4 d6 4.
d4 Bg7 5. Be2 O-O 6. Be3 c6 7. h4 e5 8. d5 cxd5 9. cxd5 a6 10. h5 b5 11. a3 Nbd7 12. hxg6 hxg6 13. Nh3 Nc5 14. Ng5 Bd7 15. b4 Na4 16. Nxa4 bxa4 17.
Qd2 Bb5 18. f3 Rc8 19. Kf2 Nd7 20. Rac1 Rc7 21. Bxb5 axb5 22. Rc6 Nb8 23. Rxc7 Qxc7 24. Rc1 Qb7 25. Qc2 Re8 26. Qc7 Qxc7 27. Rxc7 Na6 28. Rxf7 Ra8 29. Rb7 Nxb4 30. axb4 a3 31. Bc1 Bh6 32.
f4 exf4 33. Nf7 Bg7 34. Bxa3 Rxa3 35. Nxd6 Bd4+ 36. Ke2 Ra2+ 37. Kd3 Be5 38. Nf7 Bf6 39. e5 Bh4 40. Nh6+ Kf8 41. Ke4 Rf2 42. Rf7+ Ke8 43. Rxf4 Rxg2 44. Rxh4 Re2+ 45. Kf3 Rg2 46. Kxg2 1-0

[Event "Late-Titled-Tuesday-Blitz-July-09-2024"]
[Site "Chess.com"]
[Date "2024.07.09"]
[Round "5"]
[White "grzechu96"]
[Black "ELPRIMO0O0"]
[Result "1-0"]
[WhiteElo "2803"]
[BlackElo "2614"]
[TimeControl "180+1"]
[EndTime "14:55:09 PDT"]
[Termination "grzechu96 won on time"]

1. e4 c5 2. Nf3 e6 3. d4 cxd4 4.
Nxd4 Nf6 5. Nc3 Nc6 6. Nxc6 bxc6 7. e5 Nd5 8. Ne4 Qa5+ 9. Bd2 Nb4 10. f4 Qd5 11. Ng3 Qd4 12. c3 Nd3+ 13. Bxd3 Qxd3 14. Qe2 Ba6 15. Qxd3 Bxd3 16. Be3 c5 17. O-O-O c4 18. Rhe1 d5 19. exd6 Bxd6 20. Nh1 O-O-O 21. Nf2 Bb8 22. Nxd3 cxd3 23. Rd2 Rd7 24. g3 h5 25. Bd4 h4 26.
Rxd3 hxg3 27. hxg3 Rh3 28. Red1 g5 29. fxg5 Bxg3 30.
Kb1 Rd5 31. Rg1 Rxg5 32. Bxa7 f5 33. Re3 e5 34. Rxe5 Bxe5 35. Rxg5 Rf3 36. Rh5 Bg3 37. Kc2 Kd7 38. Bd4 Ke6 39. Rh6+ Kd5 40. Rh8 Rf1 41. Rf8 Ke4 42. a4 f4 43. a5 Ra1 44. b4 f3 45.
Kb2 1-0

[Event "Late-Titled-Tuesday-Blitz-July-09-2024"]
[Site "Chess.com"]
[Date "2024.07.09"]
[Round "5"]
[White "TOCANTINS_TO"]
[Black "SharathRk6"]
[Result "1/2-1/2"]
[WhiteElo "2042"]
[BlackElo "2428"]
[TimeControl "180+1"]
[EndTime "14:55:09 PDT"]
[Termination "Game drawn - insufficient material"]

1. e4 e5 2. Nf3 Nc6 3. Bc4 Bc5 4. O-O Nf6 5. d3 O-O 6. c3 d6 7. Re1 a6 8. Bb3 Re8 9. Nbd2 h6 10. Nf1 Be6 11. Bc2 d5 12. Qe2 dxe4 13. dxe4 b5 14. b3 Qe7 15. Ng3 Rad8 16. Nh4 Bg4 17. Nhf5 Bxe2 18.
Nxe7+ Rxe7 19. Rxe2 Red7 20. h3 b4 21. Bb2 bxc3 22.
Bxc3 Nd4 23. Bxd4 Bxd4 24. Rb1 Bb6 25. Kf1 Rd2 26. Rbe1 Ba5 27. Rxd2 Rxd2 28. Re2 Rd8 29. Nf5 Kf8 30. f3 Nd7 31. Ne3 Nb6 32. Nd5 Nxd5 33.
exd5 Rxd5 34. Be4 Rc5 35. Rc2 Rxc2 36. Bxc2 Ke7 37. Ke2 Kd6 38. Be4 g6 39. Bb7 f5 40.
Bxa6 e4 41. fxe4 fxe4 42. Bb7 Ke5 43. a3 c5 44. Ke3 Bb6 45. Bxe4 c4+ 46. Kf3 cxb3 47.
Bxg6 Kd4 48. Bb1 Kc3 49. a4 Kb2 50. Be4 Ka2 51. Kg4 b2 52. Kh5 Be3 53. a5 Ka3 54. a6 Kb4 55. g4 Kb5 56. h4 Kxa6 57. g5 hxg5 58. hxg5 Bd4 59. g6 Kb5 60. Kh6 Kc4 61.
Kh7 Kc3 62. g7 Bxg7 63. Kxg7 Kd4 64. Bb1 Ke3 65. Bg6 Kd2 66. Bh7 Kc3 67. Kf6 Kb4 68.
Ke5 Ka3 69. Kd4 Ka2 70. Kc3 b1=Q 71. Bxb1+ 1/2-1/2

[Event "Late-Titled-Tuesday-Blitz-July-09-2024"]
[Site "Chess.com"]
[Date "2024.07.09"]
[Round "5"]
[White "Gyulamiryan-koryun"]
[Black "glucolisis04"]
[Result "1-0"]
[WhiteElo "1926"]
[BlackElo "2263"]
[TimeControl "180+1"]
[EndTime "14:55:09 PDT"]
[Termination "Gyulamiryan-koryun won on time"]

1. e4 c5 2. Nf3 Nc6 3. d4 cxd4 4.
Nxd4 Nf6 5. Nc3 e5 6. Ndb5 d6 7. Bg5 a6 8. Na3 b5 9. Nd5 Be7 10. Bxf6 Bxf6 11. c3 Rb8 12. Nc2 Bg5 13.
Be2 O-O 14. O-O Be6 15. Nce3 a5 16. a3 b4 17. axb4 axb4 18. Ra6 Bxe3 19. fxe3 Rc8 20. c4 Qg5 21. Qd2 Rfd8 22. Rb6 Bxd5 23. exd5 Ne7 24.
Rxb4 Nf5 25. Rf3 Ra8 26. Qc1 Nd4 27. Rf2 Ra2 28. Qb1 Nxe2+ 29. Rxe2 Rda8 30. Kf2 Qh4+ 31. Kf3 e4+ 32. Qxe4 Qf6+ 33. Kg3 h5 34. Rf2 Qh6 35. Qf4 h4+ 36. Kh3 Qxf4 37. Rxf4 Ra1 38. Rxh4 Re1 39. Re4 Raa1 40. Rb8+ Kh7 41. Rd8 Kg6 42. Rxd6+ f6 43.
Rd7 Re2 44. Ree7 Kf5 45. e4+ Kf4 46. Rxg7 Rb1 47. Rg4+ Ke5 48. Re7+ 1-0

[Event "Late-Titled-Tuesday-Blitz-July-09-2024"]
[Site "Chess.com"]
[Date "2024.07.09"]
[Round "5"]
[White "slidingknight2775"]
[Black "wild3000"]
[Result "1-0"]
[WhiteElo "2731"]
[BlackElo "2461"]
[TimeControl "180+1"]
[EndTime "14:55:10 PDT"]
[Termination "slidingknight2775 won on time"]

1. c4 Nf6 2. Nf3 g6 3. b3 Bg7 4. Bb2 O-O 5. d4 d5 6. e3 b6 7. Nc3 Bb7 8. Be2 dxc4 9. Bxc4 Nbd7 10. O-O e6 11. Qe2 a6 12. a4 c5 13. Rfd1 cxd4 14.
Nxd4 Qc7 15. h3 Ne5 16. Rac1 Nxc4 17. bxc4 Rfd8 18. Ba3 Rac8 19. a5 bxa5 20. c5 Nd5 21. Nxd5 Bxd5 22. Qxa6 Bxd4 23. Rxd4 Ra8 24. Qd3 Bc6 25.
Rd6 a4 26. Qd4 Re8 27. f4 Rab8 28. Bb2 e5 29. fxe5 Re6 30. Ba3 Rb3 31. Rc3 Qb7 32. Rxb3 axb3 33. Bb2 Bxg2 34. Rxe6 fxe6 35. Qd8+ Kg7 36.
Qf6+ Kh6 37. Qh4+ Kg7 38. Qf6+ Kh6 39. Qxe6 Qe4 40. Qf6 Bxh3 41. Qf4+ Qxf4 42. exf4 1-0

[Event "Late-Titled-Tuesday-Blitz-July-09-2024"]
[Site "Chess.com"]
[Date "2024.07.09"]
[Round "5"]
[White "GulamaliRises"]
[Black "Igor_Janik"]
[Result "0-1"]
[WhiteElo "2663"]
[BlackElo "2891"]
[TimeControl "180+1"]
[EndTime "14:55:14 PDT"]
[Termination "Igor_Janik won by resignation"]

1. e4 c6 2. d4 d5 3. e5 c5 4. dxc5 Nc6 5. Bb5 e6 6. Nf3 Bxc5 7. O-O Ne7 8. a3 Ng6 9. b4 Be7 10. Bb2 Bd7 11. Bd3 a5 12. b5 Na7 13. a4 O-O 14. c4 dxc4 15. Bxc4 Nc8 16. Nbd2 Nb6 17. Bb3 Rc8 18.
Ne4 Bb4 19. Nd6 Rc7 20. Qd4 Nc8 21. Rfd1 Bc5 22. Qg4 Nxd6 23. exd6 Rc8 24. Ne5 Bxf2+ 25. Kh1 Bc5 26. Rd3 f5 27. Qh5 Nxe5 28. Bxe5 Qe8 29.
Qh4 Rf7 30. Rh3 g6 31. Qf4 Qf8 32. Re1 Bb4 33. Rd1 b6 34. Qf3 Rc5 35. Qe3 f4 36. Qe4 f3 37. Rxf3 Rxf3 38. gxf3 Rxe5 39. Qb7 Re3 40. Rf1 Qf7 41. Qa8+ Kg7 42. Bd1 Bxd6 43. Qb7 Bc5 44. Qc7 Be8 45. Qg3 e5 46. Kg2 Qf4 47.
Qh3 Bf7 48. Qg3 Rd3 49. Qe1 Rd2+ 50. Be2 Qe3 51. Rf2 Qxf2+ 52. Qxf2 Bxf2 0-1

[Event "Late-Titled-Tuesday-Blitz-July-09-2024"]
[Site "Chess.com"]
[Date "2024.07.09"]
[Round "5"]
[White "FollowRivers"]
[Black "enriquebutti"]
[Result "1-0"]
[WhiteElo "2493"]
[BlackElo "2178"]
[TimeControl "180+1"]
[EndTime "14:55:16 PDT"]
[Termination "FollowRivers won on time"]

1. Nf3 d5 2. b3 Nf6 3. Bb2 e6 4.
e3 b6 5. Be2 Bb7 6. O-O Nbd7 7.
d4 Bd6 8. c4 O-O 9. Nc3 a6 10.
Rc1 Ne4 11. cxd5 exd5 12. Nxe4 dxe4 13. Ne5 Qh4 14. g3 Qe7 15. Nxd7 Qxd7 16. Bg4 f5 17. Bh3 Qe6 18. Bg2 Bd5 19. Rc2 a5 20. Rc3 a4 21.
bxa4 Bxa2 22. Ba3 Bxa3 23. Rxa3 Bc4 24. Re1 Ra7 25. Qc2 Rfa8 26. Rc1 b5 27. Bf1 Bxf1 28. Kxf1 bxa4 29. Rca1 Qd7 30. Qc4+ Kh8 31. Kg2 c6 32. Rc1 Ra6 33. Rb1 Qd5 34. Qb4 h6 35. Rba1 Qb5 36. Qe7 R6a7 37. Qd6 Qd5 38. Qb4 Qb5 39. Qd6 Qd5 40. Qb4 Qb5 41. Qc3 Rc7 42. h4 c5 43.
dxc5 Rxc5 44. Qd4 Rc4 45. Qd6 Rb4 46. Qf4 Rb2 47. Rc3 Qd7 48. Rc7 1-0

[Event "Late-Titled-Tuesday-Blitz-July-09-2024"]
[Site "Chess.com"]
[Date "2024.07.09"]
[Round "5"]
[White "c63_amg"]
[Black "NovoselovRoman"]
[Result "1-0"]
[WhiteElo "2784"]
[BlackElo "2570"]
[TimeControl "180+1"]
[EndTime "14:55:18 PDT"]
[Termination "c63_amg won on time"]

1. e4 e6 2. d4 d5 3. Nc3 Nf6 4. Bg5 dxe4 5. Nxe4 Be7 6. Bxf6 Bxf6 7. Nf3 Bd7 8. Bd3 Bc6 9. Qe2 Nd7 10. O-O-O Qe7 11. Rhe1 O-O-O 12. c3 Kb8 13. Kb1 h6 14. Ned2 Rhe8 15. Nc4 Bb5 16. Na5 Bxd3+ 17. Qxd3 Nb6 18. Qe4 Rd5 19. Nb3 Red8 20. Nfd2 Qe8 21. c4 Rxd4 22.
Nxd4 Rxd4 23. Qc2 Qc6 24. c5 Nd5 25. Ne4 Rxd1+ 26. Rxd1 Be5 27. a3 Qb5 28. g3 g6 29.
f4 Bg7 30. Kc1 a5 31. c6 bxc6 32. Nc5 Ka7 33. Rd3 Bxb2+ 34. Qxb2 Qxc5+ 35. Qc2 Qg1+ 36. Kb2 Kb7 37. Rb3+ Nb6 38. Qd2 Qc5 39. Ka2 Qc4 40.
Qd3 Qc5 41. Rc3 Qf2+ 42. Rc2 Qe1 43. Qc3 Qe4 44. Rb2 Kc8 45. Qxa5 Qc4+ 46. Ka1 Qc1+ 47. Rb1 Qe3 48. Qb4 Qe4 49. Qxe4 1-0

[Event "Late-Titled-Tuesday-Blitz-July-09-2024"]
[Site "Chess.com"]
[Date "2024.07.09"]
[Round "5"]
[White "Sek_Konstantin"]
[Black "Richardmaster"]
[Result "1-0"]
[WhiteElo "2726"]
[BlackElo "2515"]
[TimeControl "180+1"]
[EndTime "14:55:18 PDT"]
[Termination "Sek_Konstantin won on time"]

1. e4 c5 2. Nf3 Nc6 3. Nc3 d6 4.
d4 cxd4 5. Nxd4 Nf6 6. Bc4 Qb6 7. Nb3 e6 8. Be3 Qc7 9. f4 a6 10. Qf3 b5 11. Bd3 Bb7 12. O-O Be7 13. a4 b4 14. Ne2 d5 15. e5 Nd7 16. Qh3 g6 17. Ned4 Na5 18. Nxa5 Qxa5 19. Kh1 Nc5 20. Nf3 O-O-O 21. Ng5 Rdf8 22. Bd2 Kb8 23. Nf3 Ne4 24. Bxe4 dxe4 25. Nd4 Rd8 26. c3 Qb6 27. a5 Qa7 28. Be3 Bc5 29. Qh4 Rd7 30. Rad1 Bd5 31. cxb4 Bxd4 32.
Bxd4 Qb7 33. Qf2 Rc8 34. Bc5 Rcd8 35. Qe3 Bc6 36. Bd6+ Ka8 37. Kg1 Bd5 38. Rc1 Rc8 39. Rc5 Rxc5 40. Qxc5 Qc6 41. Qe3 Qb7 42. Rc1 Rd8 43. Rc7 1-0